AoeStats
← Pug Samurai

Coastal Forest

510949312Analyzed
2v2 RM · 10h ago on Oct 3, 2026· 52m 26s· 4 players
Game mode
Random Map
Map size
Medium (4 player)
Population
200
Speed
Normal
Resources
Standard
Victory
Conquest
Starting age
Dark Age
Ending age
Imperial Age
RankedLock teamsTeams togetherTeam positionsShared explorationLock speedFull tech treeHidden civsTurbo modeCheats
Victory
Defeat
🇭🇰 Franks · Hong Kong SAR China
893
+10
🇭🇰 Danes · Hong Kong SAR China
892
+10
🇰🇿 Magyars · Kazakhstan
784
-11
🇦🇺 Khmer · Australia
715
-9
Monument
0:42 Loom
11:53 Feudal Age
13:52 Wheelbarrow
13:06 Double-Bit Axe
22:31 Castle Age
20:22 Fishing Lines
21:48 Fletching
22:00 Padded Archer Armor
22:49 Crossbowman
24:42 Bodkin Arrow
25:03 Leather Archer Armor
26:06 Thumb Ring
31:30 Elite Skirmisher
34:09 Husbandry
34:20 Bloodlines
36:03 Corvinian Army
35:59 Gillnets
38:25 Scale Barding Armor
44:50 Gillnets
fat sandwiches
12:25 Feudal Age
supersponge
2:10 Loom
3:32 Loom
10:23 Feudal Age
25:44 Castle Age
23:51 Scale Barding Armor
23:57 Forging
24:29 Double-Bit Axe
28:21 Husbandry
29:26 Iron Casting
29:37 Light Cavalry
32:25 Wheelbarrow
36:06 Chain Barding Armor
35:33 Elite Skirmisher
41:10 Imperial Age
39:37 Padded Archer Armor
39:29 Fletching
41:27 Cavalier
43:13 Bodkin Arrow
43:18 Padded Archer Armor
44:42 Hand Cart
47:48 Paladin
Pug Samurai
6:54 Loom
10:17 Feudal Age
10:29 Man-at-Arms
11:02 Arson
13:32 Scale Mail Armor
15:07 Double-Bit Axe
18:07 Horse Collar
21:29 Castle Age
20:03 Forging
21:05 Fletching
22:12 Wheelbarrow
22:04 Gambesons
22:35 Bloodlines
22:54 Husbandry
23:06 Squires
24:05 Bow Saw
23:38 Light Cavalry
24:28 Elite Skirmisher
25:57 Padded Archer Armor
27:57 Stone Mining
30:00 Heavy Plow
32:25 Hand Cart
32:52 Thumb Ring
33:32 Chain Mail Armor
35:03 Town Watch
35:03 Town Watch
36:57 Bodkin Arrow
41:22 Imperial Age
39:32 Iron Casting
39:43 Gold Mining
39:44 Hamask
42:12 Town Patrol
41:54 Elite Varangian Guard
43:02 Conscription
45:47 Gold Shaft Mining
46:15 Siege Engineers
46:27 Masonry
46:13 Murder Holes
47:42 Bracer
47:25 Onager
47:33 Capped Ram
50:47 Chemistry
50:08 Ballistics
49:49 Siege Ram
51:44 Spies/Treason
Connection lost

Rejoining the realm…

Still unreachable

The connection could not be restored.

Session expired

The server has moved on; the page needs a fresh start.